 Dungeon Crawl Stone Soup version 0.28-a0-622-gbaef9634d7 (webtiles) character file.

Game seed: 10522962893803672582

679 KristoblXynda the Slasher (level 7, -4/55 HPs)
             Began as a Demonspawn Gladiator on Oct 7, 2021.
             Slain by an orc (6 damage)
             ... on level 5 of the Dungeon.
             The game lasted 00:07:01 (6012 turns).

KristoblXynda the Slasher (Demonspawn Gladiator)    Turns: 6012, Time: 00:07:02

Health: -4/55      AC:  6    Str: 16    XL:     7   Next: 34%
Magic:  7/7        EV: 13    Int: 10    God:
Gold:   279        SH:  0    Dex: 14    Spells: 6/6 levels left

rFire   . . .      SeeInvis .   f - +2 short sword (elec)
rCold   . . .      Faith    .   (no shield)
rNeg    . . .      Spirit   .   r - +0 ring mail
rPois   .          Reflect  +   (helmet restricted)
rElec   .          Harm     .   (no cloak)
rCorr   .          Rampage  .   (no gloves)
Will    .....                   m - +0 pair of boots
Stlth   ..........              u - amulet of reflection
HPRegen 0.18/turn               (no ring)
MPRegen 0.10/turn               (no ring)

@: confused
A: antennae 1, foul stench 1, sturdy frame 1
a: no special abilities


You were on level 5 of the Dungeon.
You visited 1 branch of the dungeon, and saw 5 of its levels.

You collected 279 gold pieces.

Inventory:

Hand Weapons
 f - a +2 short sword of electrocution (weapon)
 s - a +3 scimitar
Missiles
 d - 3 throwing nets (quivered)
Armour
 m - a +0 pair of boots (worn)
 r - a +0 ring mail (worn)
Jewellery
 i - a ring of flight
 u - an amulet of reflection (around neck)
Scrolls
 c - a scroll of amnesia {unknown}
 g - 3 scrolls of fear
 h - a scroll of fog {unknown}
 j - a scroll of summoning {unknown}
 k - a scroll of enchant weapon {unknown}
 o - a scroll of teleportation {unknown}
 t - a scroll of magic mapping {unknown}
Potions
 a - a potion of flight {unknown}
 b - a potion of cancellation {unknown}
 e - a potion of might
 l - a potion of attraction
 n - a potion of magic {unknown}
 q - a potion of heal wounds {unknown}


   Skills:
 + Level 4.3 Fighting
 * Level 5.8 Long Blades
 - Level 2.0 Throwing
 + Level 4.5 Dodging


You had 6 spell levels left.
You didn't know any spells.
Your spell library contained the following spells:

 Spells                   Type           Power      Damage    Failure   Level
 Summon Small Mammal      Summ           0%         N/A       45%         1
 Passwall                 Tmut/Erth      0%         N/A       61%         2
 Call Canine Familiar     Summ           0%         N/A       83%         3
 Summon Guardian Golem    Hex/Summ       0%         N/A       83%         3
 Swiftness                Air            0%         N/A       83%         3
 Invisibility             Hex            0%         N/A       100%        6


Dungeon Overview and Level Annotations

Branches:
Dungeon (5/15)
 Temple: D:4-7

Altars:

Annotations:
D:4 2 transporters


Innate Abilities, Weirdness & Mutations

You have a pair of small antennae on your head.
You may rarely emit foul miasma when damaged in melee.
Your movements are slightly less encumbered by armour. (ER -2)


Message History

You are more confused.
You hear some strange, mumbled words.
You are more confused.
The orc wizard points at you and mumbles some strange words.
You're too confused to move!
Okay, then.
You're too confused to move!
Something hits you but does no damage.
You're too confused to move!
You hear some strange, mumbled words.
A magic dart appears from out of thin air!
The magic dart hits you!
The orc wizard hits you but does no damage.
You miss the orc wizard.
The orc wizard is lightly wounded.
You hear some strange, mumbled words.
You are more confused.
The orc wizard misses you.
You completely miss something. Something hits you.
You barely miss something.
The orc wizard hits you with a +0 dagger.
You bump into the rock wall.
Something hits you.
* * * LOW HITPOINT WARNING * * *
The orc wizard hits you but does no damage.
The orc hits you with a +0 flail.
* * * LOW HITPOINT WARNING * * *
You bump into the rock wall.
The orc closely misses you. Something hits you but does no damage.
The orc wizard hits you but does no damage.
You closely miss something. The orc closely misses you.
Something hits you but does no damage. The orc wizard closely misses you.
The orc closely misses you. Something hits you.
* * * LOW HITPOINT WARNING * * *
The orc wizard casts a spell at you.
You are more confused.
The orc wizard casts a spell at you.
The orc wizard points at you and mumbles some strange words.
The puff of flame hits you!
* * * LOW HITPOINT WARNING * * *
The orc hits you with a +0 flail.
You die...

.........)####..........#........
........##..........######.......
........###.....##### ##.^....
.......## #...o## ##.#... #....##
#.....## #.#### #.### #......#
#.# # # #...{..## #.# #..)..o.#
#.## ##....@.###### #..#
#......)....#####..###
#.......##............
##......########...##. ##......#
#....### #.......# #....#
#.####### ##..## ### ####


You could see an orc wizard and an orc.

Vanquished Creatures
  2 black bears
  An ice beast (D:5)
  A necrophage (D:3)
  An orc priest (D:5)
  A hound (D:4)
  An orc wizard (D:3)
  2 iguanas
  A hound skeleton (D:4)
  A gnoll (D:3)
  4 adders
  A white imp (D:3)
  An ufetubus (D:5)
  An adder skeleton (D:4)
  A worm (D:4)
  5 dart slugs
  10 orcs
  6 endoplasms
  3 giant cockroaches
  5 goblins
  13 hobgoblins
  7 jackals
  4 kobolds
  6 quokkas
  13 ball pythons
  2 bats
  12 frilled lizards
  6 rats
111 creatures vanquished.

Vanquished Creatures (others)
  3 fungi (D:3)
  6 plants
9 creatures vanquished.

Grand Total: 120 creatures vanquished

Notes
Turn   | Place    | Note
-------+----------+-------------------------------------------
     0 | D:1      | KristoblXynda the Demonspawn Gladiator began the quest for
                  | the Orb.
     0 | D:1      | Reached XP level 1. HP: 16/16 MP: 1/1
   314 | D:1      | Gained mutation: You may rarely emit foul miasma when
                  | damaged in melee. [demonic ancestry]
   314 | D:1      | Reached XP level 2. HP: 22/22 MP: 2/2
   431 | D:1      | Reached skill level 3 in Long Blades
  1338 | D:2      | Gained mutation: You have a pair of small antennae on your
                  | head. [demonic ancestry]
  1338 | D:2      | Reached XP level 3. HP: 28/28 MP: 3/3
  2667 | D:3      | Reached XP level 4. HP: 18/34 MP: 4/4
  3169 | D:3      | Noticed a black bear
  3198 | D:3      | Killed a black bear
  3199 | D:3      | Reached skill level 4 in Long Blades
  3199 | D:3      | Reached XP level 5. HP: 15/41 MP: 5/5
  3200 | D:3      | Noticed a necrophage
  3202 | D:3      | Found a faded altar of an unknown god.
  4098 | D:3      | Killed a necrophage
  4099 | D:3      | Gained mutation: Your movements are slightly less
                  | encumbered by armour. (ER -2) [demonic ancestry]
  4099 | D:3      | Reached XP level 6. HP: 43/47 MP: 6/6
  4725 | D:4      | Reached skill level 5 in Long Blades
  5207 | D:4      | Found a transporter.
  5342 | D:4      | Found a transporter.
  5571 | D:5      | Entered Level 5 of the Dungeon
  5581 | D:5      | Noticed an ice beast
  5589 | D:5      | Killed an ice beast
  5590 | D:5      | Reached XP level 7. HP: 54/54 MP: 7/7
  6011 | D:5      | HP: 2/55 [orc wizard/puff of flame (8)]
  6012 | D:5      | Slain by an orc

Illustrated notes

Levels and vault maps discovered:
D:1:      lightli_arrival_boilingwater, layout_basic, serial_bayou_ford_a
D:2:      layout_basic, kennysheep_donut
D:3:      layout_basic, dreamdust_ecumenical_altar_grove, minmay_vboxes
D:4:      gammafunk_steamed_eel, layout_cave_pods, minmay_misc_feat_pillars,
          minmay_lizard_king
D:5:      layout_cave_pods, mainiacjoe_overflow_two_lobes,
          minmay_temple_entry_nine_rooms

Skill      XL: |  1  2  3  4  5  6 |
---------------+-------------------+-----
Throwing       | 2 |  2.0
Long Blades    | 3 4 5 |  5.8
Dodging        | 3 4 |  4.5
Fighting       | 3 4 |  4.3

Action                   |  1- 3 |  4- 6 |  7- 9 || total
-------------------------+-------+-------+-------++-------
Melee: Long sword        |   118 |   117 |       ||   235
       Short sword       |       |    86 |    35 ||   121
  Use: Scroll            |       |     4 |       ||     4
       Potion            |       |     2 |       ||     2
 Stab: Sleeping          |       |     2 |       ||     2
Armor: Leather armour    |    40 |    38 |       ||    78
       Ring mail         |       |     4 |    24 ||    28
Dodge: Dodged            |    84 |   149 |    23 ||   256
Block: Other             |       |       |     2 ||     2

Table legend: (Time is in decaauts)
 A = Elapsed time spent in this place.
 B = Non-inter-level travel time spent in this place.
 C = Inter-level travel time spent in this place.
 D = Time resting spent in this place.
 E = Time spent auto-exploring this place.
 F = Levels seen in this place.
 G = Mean time per level.
                   A        B        C        D        E       F      G
               +--------+--------+--------+--------+--------+-----+--------+
         Total |   6070 |   5950 |    120 |   1118 |   3840 |   5 | 1214.0 |
       Dungeon |   6070 |   5950 |    120 |   1118 |   3840 |   5 | 1214.0 |
               +--------+--------+--------+--------+--------+-----+--------+

Top non-repeatable levels by time:
     D:2: 1754 daAuts
     D:3: 1742 daAuts
     D:4: 1133 daAuts
     D:1: 1002 daAuts
     D:5: 437 daAuts
